AoeStats
← Shame Thrower

Arabia

509982414Analyzed
1v1 RM · 3d ago on Sep 28, 2026· 36m 24s· 2 players
Game mode
Random Map
Map size
Tiny (2 player)
Population
200
Speed
Normal
Resources
Standard
Victory
Conquest
Starting age
Dark Age
Ending age
Imperial Age
RankedLock teamsTeams togetherTeam positionsShared explorationLock speedFull tech treeHidden civsTurbo modeCheats
Victory
Defeat
🇺🇸 Varangians · United States
1121
+19
🇨🇱 Sicilians · Chile
1116
-16
Hugo 2
5:41 Loom
24:51 Feudal Age
25:56 Stone Mining
34:09 Fletching
Shame Thrower
6:27 Loom
9:01 Feudal Age
24:34 Fletching
32:46 Castle Age
31:34 Double-Bit Axe
33:49 Scale Mail Armor
34:16 Padded Archer Armor
34:13 Bodkin Arrow
35:46 Arson
35:48 Crossbowman
Connection lost

Rejoining the realm…

Still unreachable

The connection could not be restored.

Session expired

The server has moved on; the page needs a fresh start.